General information
- name: BNet
- type: Ladder team game (AT/RT)
- host: Battle.net
- saver: dogsandhorse.ru
map: StranglethornVale
- players: 6
- length: 107:06
- speed: Fast
- version: 1.29 W3XP
- replay type:

» download(1202 KB)
Players
team 1 (loser)
abmitdirpic (
blue | 98 APM | 7136 actions | 72:49)
5 Blademaster
2 Wind Walk
3 Critical Strike
3 Shadow Hunter
2 Healing Wave
1 Hex
4 Tauren Chieftain
2 War Stomp
2 Endurance Aura
» actions
| Assign group hotkey | 92 | |
| Basic commands | 510 | |
| Build / train | 102 | |
| ESC pressed | 4 | |
| Enter build submenu | 34 | |
| Enter hero's abilities submenu | 12 | |
| Give item / drop item | 3 | |
| Right click | 4394 | |
| Select / deselect | 1142 | |
| Select group hotkey | 406 | |
| Use ability | 437 | |
7136 total
» units
| Peon | 9 | |
| Grunt | 4 | |
| Goblin Shredder | 1 | |
| Wind Rider | 3 | |
| Troll Batrider | 2 | |
| Tauren | 4 | |
| Kodo Beast | 3 | |
| Troll Witch Doctor | 10 | |
| Spirit Walker | 5 | |
| Raider | 4 | |
| Demolisher | 4 | |
49 total
» upgrades
| Reinforced Defenses | 1 | |
| Liquid Fire | 1 | |
| Envenomed Spears | 1 | |
| Spirit Walker Training | 2 | |
| Armor | 3 | |
| War Drums Damage Increase | 1 | |
| Witch Doctor Training | 2 | |
| Pulverize | 1 | |
| Shaman Training | 2 | |
| Ranged Weapons | 1 | |
| Ensnare | 1 | |
16 total
» buildings
| Orc Burrow | 8 | |
| Altar of Storms | 1 | |
| Barracks | 1 | |
| War Mill | 1 | |
| Voodoo Lounge | 1 | |
| Stronghold | 1 | |
| Watch Tower | 10 | |
| Beastiary | 4 | |
| Fortress | 1 | |
| Spirit Lodge | 2 | |
| Tauren Totem | 4 | |
34 total
» build order
00:07 Orc Burrow
00:17 Altar of Storms
00:26 Barracks
01:53 Orc Burrow
02:28 War Mill
03:17 Voodoo Lounge
03:53 Stronghold
04:25 Orc Burrow
04:30 Watch Tower
04:33 Watch Tower
06:16 Beastiary
06:18 Beastiary
06:24 Orc Burrow
06:58 Beastiary
08:05 Fortress
08:43 Spirit Lodge
09:10 Orc Burrow
09:35 Orc Burrow
09:55 Watch Tower
09:56 Watch Tower
09:57 Watch Tower
09:58 Watch Tower
11:54 Tauren Totem
11:59 Beastiary
12:20 Orc Burrow
12:26 Orc Burrow
15:37 Spirit Lodge
21:52 Tauren Totem
22:32 Tauren Totem
22:33 Tauren Totem
27:47 Watch Tower
27:48 Watch Tower
27:49 Watch Tower
27:51 Watch Tower
» items
| Boots of Speed | 1 | |
| Dust of Appearance | 1 | |
| Healing Salve | 5 | |
| Lesser Clarity Potion | 4 | |
| Tiny Great Hall | 1 | |
| Orb of Lightning | 1 | |
| Scroll of Town Portal | 2 | |
15 total
SpermFeather (
red | 85 APM | 8905 actions | 105:21)
5 Dreadlord
3 Sleep
2 Vampiric Aura
5 Lich
3 Frost Nova
2 Frost Armor
4 Death Knight
2 Death Coil
2 Unholy Aura
» actions
| Assign group hotkey | 91 | |
| Basic commands | 175 | |
| Build / train | 125 | |
| Enter build submenu | 19 | |
| Enter hero's abilities submenu | 15 | |
| Give item / drop item | 18 | |
| Remove unit from queue | 5 | |
| Right click | 4355 | |
| Select / deselect | 920 | |
| Select group hotkey | 2710 | |
| Use ability | 472 | |
8905 total
» units
| Acolyte | 13 | |
| Ghoul | 12 | |
| Obsidian Statue | 4 | |
| Banshee | 2 | |
| Crypt Fiend | 1 | |
| Frost Wyrm | 10 | |
| Abomination | 1 | |
43 total
» upgrades
| Cannibalize | 1 | |
| Creature Attack | 3 | |
| Creature Carapace | 3 | |
| Ghoul Frenzy | 1 | |
| Web | 1 | |
| Banshee Training | 2 | |
| Necromancer Training | 2 | |
| Skeletal Longevity | 1 | |
| Skeletal Mastery | 1 | |
| Destroyer Form | 1 | |
| Burrow | 1 | |
| Unholy Armor | 3 | |
| Unholy Strength | 3 | |
| Freezing Breath | 1 | |
| Disease Cloud | 1 | |
25 total
» buildings
| Crypt | 1 | |
| Altar of Darkness | 1 | |
| Ziggurat | 8 | |
| Tomb of Relics | 1 | |
| Halls of the Dead | 2 | |
| Nerubian Tower | 2 | |
| Graveyard | 1 | |
| Black Citadel | 1 | |
| Necropolis | 1 | |
| Sacrificial Pit | 1 | |
| Slaughterhouse | 1 | |
| Temple of the Damned | 2 | |
| Boneyard | 2 | |
24 total
» build order
00:09 Crypt
00:11 Altar of Darkness
00:39 Ziggurat
01:18 Ziggurat
01:29 Tomb of Relics
04:17 Ziggurat
05:12 Halls of the Dead
05:12 Halls of the Dead
05:57 Nerubian Tower
06:01 Graveyard
07:17 Ziggurat
07:19 Ziggurat
07:34 Black Citadel
08:33 Necropolis
08:35 Nerubian Tower
08:41 Sacrificial Pit
08:43 Slaughterhouse
09:47 Temple of the Damned
09:49 Temple of the Damned
20:46 Boneyard
20:47 Boneyard
22:58 Ziggurat
22:59 Ziggurat
31:00 Ziggurat
» items
| Rod of Necromancy | 5 | |
| Dust of Appearance | 3 | |
| Potion of Mana | 1 | |
| Orb of Corruption | 2 | |
| Scroll of Healing | 6 | |
| Scroll of Regeneration | 1 | |
| Staff of Sanctuary | 1 | |
| Orb of Fire | 1 | |
| Scroll of Town Portal | 2 | |
| Potion of Healing | 2 | |
| Potion of Lesser Invulnerability | 2 | |
26 total

»
UrMoMpLaYsWc3 (
pink | 74 APM | 7945 actions | 107:04)
7 Archmage
1 Summon Water Elemental
3 Brilliance Aura
3 Blizzard
5 Blood Mage
3 Flame Strike
2 Siphon Mana
3 Mountain King
2 Storm Bolt
1 Bash
» actions
| Assign group hotkey | 165 | |
| Basic commands | 12 | |
| Build / train | 160 | |
| Enter build submenu | 38 | |
| Enter hero's abilities submenu | 16 | |
| Give item / drop item | 6 | |
| Right click | 4902 | |
| Select / deselect | 867 | |
| Select group hotkey | 1277 | |
| Use ability | 502 | |
7945 total
» units
| Peasant | 29 | |
| Footman | 3 | |
| Dragonhawk Rider | 29 | |
| Gryphon Rider | 8 | |
| Goblin Sapper | 5 | |
74 total
» upgrades
| Masonry | 3 | |
| Lumber Harvesting | 2 | |
| Swords | 3 | |
| Armor | 3 | |
| Cloud | 1 | |
| Storm Hammers | 1 | |
13 total
» buildings
| Farm | 13 | |
| Altar of Kings | 1 | |
| Barracks | 1 | |
| Scout Tower | 9 | |
| Arcane Tower | 8 | |
| Lumber Mill | 1 | |
| Keep | 1 | |
| Arcane Vault | 1 | |
| Blacksmith | 1 | |
| Town Hall | 2 | |
| Gryphon Aviary | 3 | |
| Castle | 2 | |
| Guard Tower | 4 | |
| Workshop | 2 | |
49 total
» build order
00:10 Farm
00:12 Altar of Kings
00:35 Barracks
00:45 Farm
01:38 Scout Tower
01:47 Farm
02:12 Farm
02:19 Arcane Tower
02:56 Lumber Mill
03:32 Keep
03:36 Farm
03:38 Scout Tower
03:42 Farm
04:08 Arcane Tower
04:29 Arcane Vault
04:32 Blacksmith
05:42 Scout Tower
05:56 Arcane Tower
05:56 Arcane Tower
05:59 Town Hall
06:05 Scout Tower
06:33 Scout Tower
06:44 Arcane Tower
07:20 Gryphon Aviary
07:38 Gryphon Aviary
07:40 Gryphon Aviary
08:31 Arcane Tower
08:40 Farm
08:59 Castle
08:59 Castle
09:05 Farm
09:09 Farm
09:58 Farm
10:17 Farm
12:24 Town Hall
12:25 Scout Tower
12:27 Scout Tower
12:27 Scout Tower
12:28 Scout Tower
12:56 Arcane Tower
13:05 Arcane Tower
13:09 Guard Tower
13:10 Guard Tower
13:17 Guard Tower
13:17 Guard Tower
15:14 Farm
15:17 Farm
17:43 Workshop
17:46 Workshop
» items
| Healing Salve | 1 | |
| Lesser Clarity Potion | 9 | |
| Boots of Speed | 1 | |
| Dust of Appearance | 2 | |
| Tome of Retraining | 2 | |
| Potion of Lesser Invulnerability | 1 | |
| Scroll of Regeneration | 6 | |
| Staff of Sanctuary | 3 | |
| Orb of Fire | 2 | |
| Scroll of Town Portal | 3 | |
| Potion of Healing | 2 | |
| Potion of Mana | 1 | |
33 total
team 2 (winner)
dankeyKrang (
yellow | 102 APM | 10947 actions | 107:04)
5 Pandaren Brewmaster
3 Breath of Fire
2 Drunken Haze
6 Keeper of the Grove
3 Entangling Roots
2 Thorns Aura
1 Tranquility
» actions
| Assign group hotkey | 98 | |
| Basic commands | 69 | |
| Build / train | 62 | |
| ESC pressed | 39 | |
| Enter build submenu | 21 | |
| Enter hero's abilities submenu | 15 | |
| Give item / drop item | 5 | |
| Right click | 7912 | |
| Select / deselect | 1228 | |
| Select group hotkey | 720 | |
| Use ability | 778 | |
10947 total
» units
» upgrades
» buildings
| Altar of Elders | 2 | |
| Moon Well | 11 | |
| Tree of Ages | 2 | |
| Ancient of Wonders | 1 | |
| Tree of Life | 2 | |
18 total
» build order
00:03 Altar of Elders
00:13 Moon Well
02:38 Moon Well
03:38 Moon Well
05:20 Tree of Ages
05:20 Tree of Ages
07:45 Ancient of Wonders
10:16 Tree of Life
16:26 Moon Well
18:12 Moon Well
18:15 Moon Well
22:43 Tree of Life
27:17 Moon Well
27:19 Altar of Elders
27:21 Moon Well
27:24 Moon Well
33:20 Moon Well
33:22 Moon Well
» items
| Staff of Preservation | 2 | |
| Moonstone | 1 | |
| Healing Salve | 1 | |
| Lesser Clarity Potion | 3 | |
| Staff of Teleportation | 2 | |
| Orb of Lightning | 1 | |
| Potion of Mana | 1 | |
| Scroll of Town Portal | 1 | |
12 total
dogsandhorse.ru (
teal | 126 APM | 13466 actions | 107:06)
7 Blademaster
3 Wind Walk
2 Critical Strike
1 Bladestorm
1 Mirror Image
» actions
| Assign group hotkey | 64 | |
| Basic commands | 32 | |
| Build / train | 118 | |
| ESC pressed | 2 | |
| Enter build submenu | 89 | |
| Enter hero's abilities submenu | 9 | |
| Remove unit from queue | 1 | |
| Right click | 10825 | |
| Select / deselect | 898 | |
| Select group hotkey | 722 | |
| Use ability | 706 | |
13466 total
» units
» upgrades
| Liquid Fire | 1 | |
| Armor | 1 | |
| Reinforced Defenses | 1 | |
| Troll Regeneration | 1 | |
| Ensnare | 0 | |
4 total
» buildings
| Altar of Storms | 2 | |
| Orc Burrow | 4 | |
| War Mill | 1 | |
| Voodoo Lounge | 3 | |
| Watch Tower | 67 | |
| Stronghold | 1 | |
| Beastiary | 2 | |
| Fortress | 3 | |
| Barracks | 1 | |
| Great Hall | 1 | |
85 total
» build order
00:06 Altar of Storms
00:19 Orc Burrow
00:41 War Mill
01:13 Voodoo Lounge
01:53 Watch Tower
02:04 Watch Tower
02:32 Watch Tower
02:59 Watch Tower
03:36 Stronghold
03:39 Watch Tower
04:09 Orc Burrow
04:12 Orc Burrow
04:17 Watch Tower
05:04 Watch Tower
06:02 Beastiary
06:03 Beastiary
06:05 Watch Tower
06:08 Watch Tower
06:24 Fortress
06:24 Fortress
06:25 Fortress
07:18 Watch Tower
07:22 Watch Tower
08:34 Watch Tower
08:46 Watch Tower
08:54 Voodoo Lounge
09:39 Watch Tower
09:53 Watch Tower
10:59 Orc Burrow
11:04 Watch Tower
11:04 Watch Tower
11:21 Watch Tower
11:56 Voodoo Lounge
12:17 Watch Tower
12:48 Watch Tower
12:48 Watch Tower
12:52 Watch Tower
13:07 Watch Tower
13:08 Watch Tower
13:09 Watch Tower
14:20 Watch Tower
14:21 Watch Tower
15:20 Watch Tower
15:20 Watch Tower
15:21 Watch Tower
15:22 Watch Tower
15:38 Watch Tower
16:10 Watch Tower
16:11 Watch Tower
16:12 Watch Tower
16:12 Watch Tower
16:13 Watch Tower
16:14 Watch Tower
17:36 Barracks
18:12 Great Hall
18:15 Watch Tower
18:16 Watch Tower
18:17 Watch Tower
18:17 Watch Tower
18:24 Watch Tower
19:35 Watch Tower
19:36 Watch Tower
19:37 Watch Tower
21:41 Watch Tower
21:42 Watch Tower
21:48 Watch Tower
22:28 Watch Tower
22:42 Watch Tower
23:36 Watch Tower
25:03 Watch Tower
26:41 Watch Tower
26:41 Watch Tower
26:42 Watch Tower
26:44 Watch Tower
28:26 Watch Tower
28:26 Watch Tower
28:27 Watch Tower
28:27 Watch Tower
28:47 Watch Tower
33:27 Watch Tower
33:28 Watch Tower
33:30 Watch Tower
33:34 Watch Tower
33:35 Watch Tower
88:02 Altar of Storms
» items
| Healing Salve | 3 | |
| Lesser Clarity Potion | 9 | |
| Boots of Speed | 1 | |
| Staff of Teleportation | 4 | |
| Orb of Lightning | 1 | |
18 total
timg4strok (
green | 213 APM | 22844 actions | 107:04)
7 Archmage
3 Blizzard
3 Brilliance Aura
1 Summon Water Elemental
6 Blood Mage
3 Flame Strike
2 Siphon Mana
1 Summon Phoenix
5 Paladin
3 Holy Light
1 Divine Shield
1 Devotion Aura
» actions
| Assign group hotkey | 21 | |
| Basic commands | 149 | |
| Build / train | 136 | |
| ESC pressed | 7 | |
| Enter build submenu | 123 | |
| Enter hero's abilities submenu | 18 | |
| Give item / drop item | 11 | |
| Right click | 10491 | |
| Select / deselect | 709 | |
| Select group hotkey | 10395 | |
| Use ability | 784 | |
22844 total
» units
» upgrades
| Masonry | 3 | |
| Magic Sentry | 1 | |
| Lumber Harvesting | 2 | |
6 total
» buildings
| Altar of Kings | 3 | |
| Farm | 7 | |
| Lumber Mill | 1 | |
| Scout Tower | 149 | |
| Arcane Tower | 13 | |
| Guard Tower | 51 | |
| Keep | 1 | |
| Town Hall | 1 | |
| Arcane Sanctum | 1 | |
| Castle | 1 | |
| Arcane Vault | 2 | |
230 total
» build order
00:19 Altar of Kings
00:21 Farm
00:40 Lumber Mill
01:07 Scout Tower
01:15 Scout Tower
01:23 Scout Tower
01:32 Arcane Tower
01:32 Arcane Tower
01:34 Scout Tower
01:41 Farm
01:46 Scout Tower
01:47 Arcane Tower
01:51 Guard Tower
01:55 Scout Tower
02:03 Guard Tower
02:06 Scout Tower
02:10 Scout Tower
02:20 Guard Tower
02:20 Guard Tower
02:21 Guard Tower
02:21 Scout Tower
02:24 Scout Tower
02:29 Guard Tower
02:44 Arcane Tower
02:47 Scout Tower
02:48 Guard Tower
03:00 Guard Tower
03:00 Guard Tower
03:38 Scout Tower
03:39 Arcane Tower
03:41 Scout Tower
03:50 Guard Tower
03:51 Scout Tower
03:52 Scout Tower
03:55 Keep
04:09 Guard Tower
04:11 Scout Tower
04:11 Scout Tower
04:16 Scout Tower
04:16 Scout Tower
04:17 Guard Tower
05:17 Guard Tower
05:20 Scout Tower
05:21 Scout Tower
05:27 Town Hall
05:31 Scout Tower
05:31 Scout Tower
05:33 Scout Tower
05:39 Farm
05:40 Farm
05:41 Scout Tower
05:44 Guard Tower
05:46 Scout Tower
05:47 Scout Tower
06:01 Guard Tower
06:10 Guard Tower
06:22 Scout Tower
06:22 Scout Tower
06:32 Guard Tower
06:35 Scout Tower
06:48 Arcane Tower
06:48 Guard Tower
06:51 Scout Tower
06:52 Scout Tower
07:06 Guard Tower
07:09 Scout Tower
07:10 Scout Tower
07:11 Scout Tower
07:12 Scout Tower
07:53 Guard Tower
07:56 Scout Tower
07:57 Scout Tower
07:57 Scout Tower
07:59 Arcane Sanctum
08:01 Guard Tower
08:42 Guard Tower
08:48 Castle
08:50 Scout Tower
08:51 Scout Tower
08:51 Scout Tower
08:53 Scout Tower
08:54 Scout Tower
09:37 Arcane Vault
09:38 Arcane Vault
09:41 Guard Tower
09:59 Scout Tower
10:02 Scout Tower
10:04 Scout Tower
10:07 Scout Tower
10:08 Scout Tower
10:10 Guard Tower
10:13 Scout Tower
10:13 Scout Tower
10:14 Scout Tower
10:14 Scout Tower
10:18 Guard Tower
10:24 Guard Tower
10:53 Guard Tower
10:54 Guard Tower
11:01 Scout Tower
11:01 Scout Tower
11:02 Scout Tower
11:02 Scout Tower
11:54 Arcane Tower
11:55 Scout Tower
11:56 Scout Tower
11:57 Scout Tower
12:01 Guard Tower
12:02 Guard Tower
12:04 Scout Tower
12:04 Scout Tower
12:05 Scout Tower
12:06 Scout Tower
12:33 Guard Tower
13:12 Scout Tower
13:13 Scout Tower
13:15 Scout Tower
13:15 Scout Tower
13:16 Scout Tower
13:16 Scout Tower
13:24 Guard Tower
13:25 Scout Tower
13:27 Scout Tower
13:27 Scout Tower
13:28 Scout Tower
13:30 Guard Tower
14:41 Guard Tower
15:09 Guard Tower
15:11 Scout Tower
15:11 Scout Tower
15:14 Guard Tower
15:17 Scout Tower
15:19 Scout Tower
15:19 Scout Tower
15:20 Scout Tower
15:21 Scout Tower
15:23 Guard Tower
15:35 Scout Tower
15:36 Scout Tower
15:51 Scout Tower
15:52 Scout Tower
15:53 Scout Tower
15:53 Scout Tower
15:56 Guard Tower
15:57 Scout Tower
15:57 Scout Tower
15:58 Scout Tower
15:58 Scout Tower
17:42 Guard Tower
17:47 Scout Tower
17:48 Scout Tower
17:48 Scout Tower
17:53 Scout Tower
17:54 Scout Tower
17:55 Scout Tower
17:56 Scout Tower
17:57 Scout Tower
17:58 Scout Tower
17:58 Scout Tower
18:09 Arcane Tower
18:21 Scout Tower
18:21 Scout Tower
18:22 Scout Tower
18:22 Scout Tower
18:25 Arcane Tower
18:26 Guard Tower
19:26 Guard Tower
19:29 Scout Tower
19:30 Scout Tower
19:31 Scout Tower
19:32 Scout Tower
19:33 Scout Tower
20:05 Scout Tower
20:07 Scout Tower
20:07 Scout Tower
20:34 Guard Tower
20:36 Scout Tower
20:36 Scout Tower
20:37 Scout Tower
20:38 Scout Tower
21:41 Guard Tower
22:36 Guard Tower
22:38 Scout Tower
22:39 Scout Tower
22:39 Scout Tower
22:47 Scout Tower
22:48 Scout Tower
22:49 Scout Tower
22:49 Scout Tower
22:52 Scout Tower
22:53 Scout Tower
22:54 Scout Tower
22:58 Guard Tower
22:59 Scout Tower
23:00 Scout Tower
23:00 Scout Tower
23:01 Scout Tower
24:54 Guard Tower
24:55 Scout Tower
24:56 Scout Tower
26:28 Guard Tower
26:34 Guard Tower
26:37 Scout Tower
26:37 Scout Tower
26:38 Scout Tower
26:39 Scout Tower
26:39 Scout Tower
26:42 Scout Tower
26:42 Scout Tower
26:43 Scout Tower
28:02 Guard Tower
28:25 Scout Tower
28:26 Scout Tower
28:26 Scout Tower
28:27 Scout Tower
29:16 Guard Tower
30:53 Guard Tower
31:30 Scout Tower
33:20 Arcane Tower
33:37 Scout Tower
33:37 Scout Tower
34:06 Arcane Tower
34:32 Arcane Tower
36:09 Arcane Tower
43:11 Altar of Kings
55:10 Altar of Kings
56:24 Farm
56:25 Farm
57:46 Farm
» items
| Staff of Teleportation | 3 | |
| Boots of Speed | 2 | |
| Healing Salve | 2 | |
| Orb of Lightning | 4 | |
| Staff of Sanctuary | 3 | |
| Potion of Healing | 1 | |
| Lesser Clarity Potion | 1 | |
16 total
Chat log
(02:48 / Allies) dankeyKrang: let him creep
(02:49 / Allies) dankeyKrang: maybe
(03:26 / Allies) dankeyKrang: nice yomp
(05:36 / Allies) dankeyKrang: orc may be coming tyler
(07:28 / Allies) dankeyKrang: just trying to fit a keeper in
(07:30 / Allies) dankeyKrang: then you have it all
(08:20 / All) dankeyKrang: DOTA
(08:27 / All) dogsandhorse.ru: see just like i said
(09:20 / Allies) dankeyKrang: no
(09:22 / Allies) dankeyKrang: pull and tanlge
(12:27 / Allies) dankeyKrang: gryphyn
(13:53 / Allies) dankeyKrang: i think i fucked it up actually sorry
(13:56 / Allies) dankeyKrang: backseatting batting
(14:04 / Allies) dankeyKrang: many grphy and dhawk
(19:14 / Allies) dankeyKrang: orc tri
(21:54 / Allies) dankeyKrang: no longer mining
(22:35 / Allies) dankeyKrang: can i get emerg tower
(27:06 / Allies) dankeyKrang: bit of gold for altar well?
(30:07 / All) abmitdirpic: FUCKIN IDOYT
(30:09 / All) abmitdirpic: DU FAGGT
(30:17 / All) abmitdirpic: IDIOT
(30:22 / All) dogsandhorse.ru: hwheheh
(30:23 / All) dankeyKrang: dissention in the ranks
(30:45 / Allies) dankeyKrang: just drank em sorry
(33:45 / Allies) dankeyKrang: thought more mana and hp woudl help in these fights
(33:48 / Allies) dankeyKrang: if we win by enough
(33:50 / Allies) dankeyKrang: then whole game is over
(34:03 / Allies) dankeyKrang: who do we focus first
(34:42 / Allies) dankeyKrang: lot of dragonez
(36:05 / Allies) dankeyKrang: god they juts
(36:07 / Allies) dankeyKrang: cannot play around entangle
(41:36 / All) UrMoMpLaYsWc3: and thats fun for you?
(41:42 / All) timg4strok: is losing fun for you
(41:43 / All) dogsandhorse.ru: no. i hate it
(41:49 / All) UrMoMpLaYsWc3: dont care if loss or win
(41:50 / All) UrMoMpLaYsWc3: but
(41:53 / All) UrMoMpLaYsWc3: this is no fun
(44:36 / Allies) dankeyKrang: we're more patient than they are
(45:18 / All) SpermFeather: lol
(47:01 / Allies) dankeyKrang: dont go too crazy
(47:03 / Allies) dankeyKrang: wards everywhere
(52:52 / Allies) dankeyKrang: fuck
(52:55 / Allies) dankeyKrang: i literally just threw the whole game
(52:59 / All) SpermFeather: did u guys say something?
(53:09 / Allies) dankeyKrang: i had played perfectly for like 15 minutes
(53:11 / Allies) dankeyKrang: then tried to kill a siege
(53:18 / Allies) dankeyKrang: but i'm gonna lose altar
(53:41 / Allies) dankeyKrang: maybe i rtavres
(54:03 / Allies) dankeyKrang: gold
(54:05 / Allies) dankeyKrang: nvm
(54:12 / Allies) dankeyKrang: just keeper
(54:37 / Allies) dankeyKrang: do i try rebuild for panda?
(54:39 / Allies) dankeyKrang: or not worry
(57:58 / Allies) dankeyKrang: 1hp worm
(60:04 / Allies) dankeyKrang: level 3 tangle too
(61:16 / Allies) dankeyKrang: fall back now imo
(61:18 / Allies) dankeyKrang: if we have to run while chilled
(64:06 / Allies) dankeyKrang: opposite of back
(64:24 / Allies) dankeyKrang: 30s on target
(64:26 / Allies) dankeyKrang: so what's that 15 on hero?
(64:39 / Allies) dankeyKrang: up
(65:50 / Allies) dankeyKrang: only 1 ud hero
(65:54 / Allies) dankeyKrang: do we wanna try kill
(67:29 / All) abmitdirpic: ally noobs
(67:30 / All) dankeyKrang: well
(67:44 / Allies) dankeyKrang: bbb
(68:08 / Allies) dankeyKrang: light
(68:30 / Allies) dankeyKrang: its still close actually
(69:21 / Allies) dankeyKrang: classic bait into stasis ward into mirror image plays
(69:41 / Allies) dankeyKrang: imagine if i had a poison orb
(69:45 / Allies) dankeyKrang: god damn the amoutn of clicking califax is doing
(70:07 / Allies) dankeyKrang: not yet
(70:16 / Allies) dankeyKrang: Jubei Cuphead
(71:33 / Allies) dankeyKrang: if we do tangle + aoe on a hero
(71:35 / Allies) dankeyKrang: just that is a lot
(72:49 / All) abmitdirpic: gg wp
(72:52 / All) dankeyKrang: ahahaha
(72:57 / All) timg4strok: seeya baby bitches
(73:15 / All) timg4strok: OH MY GOD
(73:17 / All) dankeyKrang: HIGHLIGHT REEL
(74:10 / Allies) dankeyKrang: ow
(74:47 / Allies) dankeyKrang: no
(75:04 / Allies) dankeyKrang: do i take thorns 3
(75:29 / Allies) dankeyKrang: tower kerr
(75:40 / Allies) dankeyKrang: cheerz m8
(76:11 / Allies) dankeyKrang: are they coming aroudn the bac k?
(76:18 / Allies) dankeyKrang: yeah i have items that are doing nothing
(77:19 / Allies) dankeyKrang: free ghoul
(78:02 / Allies) dankeyKrang: or tranquility them
(78:53 / Allies) dankeyKrang: yeah the shop
(78:54 / Allies) dankeyKrang: is far
(78:56 / Allies) dankeyKrang: a wisp can sneak
(79:05 / Allies) dankeyKrang: no but we staff to it
(79:07 / Allies) dankeyKrang: idk
(80:03 / Allies) dankeyKrang: im 300 for all items
(80:08 / Allies) dankeyKrang: yes
(80:09 / Allies) dankeyKrang: ui think
(80:48 / Allies) dankeyKrang: if they are we get blade back
(80:50 / Allies) dankeyKrang: but we have to be sure
(82:48 / All) UrMoMpLaYsWc3: we have time u too?
(82:54 / All) timg4strok: no
(82:55 / All) dogsandhorse.ru: i have to go in a minute
(82:57 / All) UrMoMpLaYsWc3: shit
(82:58 / All) dogsandhorse.ru: pizzas here
(82:58 / All) timg4strok: i need thi sgame over quick please
(83:00 / All) SpermFeather: i have nothing to do for days
(83:02 / All) UrMoMpLaYsWc3: okok
(83:04 / All) SpermFeather: and my pc stays on
(83:06 / All) UrMoMpLaYsWc3: lets play till tomorrow
(83:07 / Allies) dankeyKrang: while they're typing
(83:29 / All) dankeyKrang: btw from ??
(83:35 / All) SpermFeather: earth
(83:40 / All) dankeyKrang: cos u play like a fucken MARTIAN lol
(83:42 / All) UrMoMpLaYsWc3: EU West
(83:49 / All) UrMoMpLaYsWc3: whats a martian?
(83:54 / All) dankeyKrang: someone from Marts
(83:58 / All) UrMoMpLaYsWc3: marts
(84:00 / All) UrMoMpLaYsWc3: never heard
(84:02 / All) dankeyKrang: yeah the planet Marts
(84:02 / All) UrMoMpLaYsWc3: but "ok"
(84:03 / All) timg4strok: from marts, smell like farts
(84:06 / All) UrMoMpLaYsWc3: Mars
(84:14 / All) dankeyKrang: "Welcome 2 Marts" - Will Smoth, Independance day
(84:22 / All) timg4strok: martsian idiot
(84:25 / All) UrMoMpLaYsWc3: ok
(85:14 / Allies) dankeyKrang: these tangles are fucking
(85:15 / Allies) dankeyKrang: insane
(85:49 / Allies) dankeyKrang: even so that's crazy
(85:49 / All) timg4strok: if you have so much time why are you rushing this and losing heroes
(85:54 / All) UrMoMpLaYsWc3: just
(85:55 / All) UrMoMpLaYsWc3: because
(85:57 / All) timg4strok: you should be throwing down an aoe every 20 minutes or so
(85:59 / All) UrMoMpLaYsWc3: we want to play for fun
(86:00 / All) UrMoMpLaYsWc3: not
(86:01 / All) UrMoMpLaYsWc3: like
(86:02 / All) UrMoMpLaYsWc3: u 3 gays
(86:04 / All) UrMoMpLaYsWc3: :-)
(86:05 / All) timg4strok: so quit this game and find another
(86:07 / All) dogsandhorse.ru: scuse me?
(86:09 / All) timg4strok: you aren't having fun here
(86:09 / All) UrMoMpLaYsWc3: nope
(86:11 / All) UrMoMpLaYsWc3: now u can come
(86:12 / All) dogsandhorse.ru: did you mean "guys"??
(86:14 / All) UrMoMpLaYsWc3: try ur luck
(86:19 / All) dankeyKrang: maybe u play that way on marts
(86:20 / All) UrMoMpLaYsWc3: gogogo
(86:23 / All) dankeyKrang: but here we play 2 win
(86:33 / All) UrMoMpLaYsWc3: so
(86:35 / All) UrMoMpLaYsWc3: get ur win
(86:36 / All) UrMoMpLaYsWc3: attack us
(86:39 / All) UrMoMpLaYsWc3: we wait
(86:41 / All) timg4strok: no thanks
(86:44 / All) UrMoMpLaYsWc3: ok
(86:47 / Allies) dankeyKrang: this one is
(86:47 / All) timg4strok: i'm not a noob
(86:49 / All) UrMoMpLaYsWc3: then lets wait till the end
(86:51 / All) timg4strok: i don't attack into towers
(86:54 / All) UrMoMpLaYsWc3: ok
(86:59 / All) UrMoMpLaYsWc3: we learned from you
(87:03 / All) UrMoMpLaYsWc3: and do the same now
(87:05 / All) SpermFeather: LOL
(87:25 / All) SpermFeather: I have coffee
(87:27 / All) SpermFeather: some weed
(87:29 / All) SpermFeather: my phone
(87:32 / All) timg4strok: 0 skills
(87:34 / All) UrMoMpLaYsWc3: coffee good idea
(87:36 / All) dankeyKrang: no ability TO PLAY
(87:37 / All) SpermFeather: im good here for like another 12 hours
(87:39 / All) UrMoMpLaYsWc3: towers = skills
(87:40 / All) UrMoMpLaYsWc3: "ok"
(87:45 / All) UrMoMpLaYsWc3: u skilled player then
(87:47 / All) dankeyKrang: it takes skills to place towers in the correct location
(87:51 / All) dankeyKrang: and also not to attack into them
(87:55 / All) dankeyKrang: but u haven't figured that out yet LOL
(87:56 / All) UrMoMpLaYsWc3: grubby < you
(88:29 / Allies) dankeyKrang: your blade has items too probably
(88:42 / Allies) dankeyKrang: return of the mack maybe
(88:42 / Allies) dankeyKrang: haha
(90:13 / Allies) dankeyKrang: destroy ebery tree
(92:11 / All) UrMoMpLaYsWc3: oh they attack
(92:20 / All) dogsandhorse.ru: but they also protec
(92:25 / All) UrMoMpLaYsWc3: gj
(92:29 / All) UrMoMpLaYsWc3: i want ur replays
(92:33 / All) dogsandhorse.ru: https://highper.ch/
(92:34 / All) dankeyKrang: visit our web's ite
(92:34 / All) UrMoMpLaYsWc3: to learn
(92:35 / All) timg4strok: https://highper.ch
(92:42 / All) dogsandhorse.ru: for more tower replays
(92:44 / All) dogsandhorse.ru: click that link
(92:46 / All) UrMoMpLaYsWc3: i did always know
(92:48 / All) UrMoMpLaYsWc3: that
(92:52 / All) UrMoMpLaYsWc3: swizerland guys
(92:55 / Allies) dankeyKrang: brb
(92:56 / All) UrMoMpLaYsWc3: are serious
(93:12 / All) dogsandhorse.ru: we love our towers in the Confederation Helvetica
(94:45 / All) UrMoMpLaYsWc3: bayern vs frankfurt
(94:48 / All) UrMoMpLaYsWc3: playing in 10min
(94:51 / All) dogsandhorse.ru: usa vs dresden
(94:52 / All) dogsandhorse.ru: in pink expo
(94:55 / All) timg4strok: seeya dumb soccer bitch
(94:57 / All) UrMoMpLaYsWc3: cool
(95:06 / All) UrMoMpLaYsWc3: swiz guys always thin and gay
(95:09 / All) UrMoMpLaYsWc3: no muscles
(95:11 / All) UrMoMpLaYsWc3: right?
(95:12 / All) dankeyKrang: thanks for proving to us you are a cool guy that watches football
(95:18 / All) UrMoMpLaYsWc3: np
(95:21 / All) UrMoMpLaYsWc3: i can give u hints
(95:23 / All) UrMoMpLaYsWc3: how to get girls
(95:25 / All) dogsandhorse.ru: u should see my finger muscles?
(95:29 / All) UrMoMpLaYsWc3: my little thin swiz friends
(95:33 / All) timg4strok: step 1 for girls: lose every warcraft 3 game
(95:35 / All) dogsandhorse.ru: are u chunky?
(95:39 / All) dankeyKrang: u know what they say. men are from marts women are from venis
(95:40 / All) dogsandhorse.ru: Nice chunky german?
(95:44 / All) UrMoMpLaYsWc3: maybe u should train a bit
(95:47 / All) UrMoMpLaYsWc3: for ur small arms
(95:49 / All) timg4strok: i am from marts and i eat bbrarts
(95:54 / All) UrMoMpLaYsWc3: you can watch youtube videos
(95:55 / All) UrMoMpLaYsWc3: how to
(95:57 / All) UrMoMpLaYsWc3: if u dont know
(95:58 / All) UrMoMpLaYsWc3: ok?
(96:01 / All) dankeyKrang: what is you tube
(96:01 / All) dogsandhorse.ru: what's your apm??
(96:07 / All) UrMoMpLaYsWc3: apm 1
(96:09 / All) UrMoMpLaYsWc3: because
(96:13 / All) UrMoMpLaYsWc3: to big muscle arm
(96:13 / All) timg4strok: Did You Know I Am American And I Owned You
(96:14 / All) UrMoMpLaYsWc3: s
(96:20 / All) timg4strok: Like My Grandpa Owned Your Grandpa
(96:22 / All) UrMoMpLaYsWc3: i dont have problems with americans
(96:28 / All) dankeyKrang: you have problems beating them at war3
(96:30 / All) UrMoMpLaYsWc3: my thin friend
(96:43 / All) UrMoMpLaYsWc3: train a bit then u may talk to me
(96:45 / All) UrMoMpLaYsWc3: thanks
(96:47 / All) dogsandhorse.ru: i can fit through the smallest gap[s
(96:51 / All) dankeyKrang: we are not only talking to you
(96:54 / All) UrMoMpLaYsWc3: ok
(96:55 / All) dankeyKrang: we are defeating you in a game of war3
(96:55 / All) timg4strok: u ever go between two pipes
(96:57 / All) UrMoMpLaYsWc3: then
(97:01 / All) UrMoMpLaYsWc3: wait i take my coffee
(97:08 / All) timg4strok: going between two pipes is my SKILL
(97:11 / All) dogsandhorse.ru: did you know i'm drinking club mate right now?
(97:19 / All) dogsandhorse.ru: im the real ger:)?
(97:20 / All) dankeyKrang: Between Two Pipes with Tim Gastrokifanikilis
(97:30 / All) UrMoMpLaYsWc3: ok^^
(97:30 / All) timg4strok: u can NOT defeat the egg...
(97:35 / All) UrMoMpLaYsWc3: egg op
(97:43 / All) dankeyKrang: i've been playing this game since you were a pod. or an egg
(97:49 / All) UrMoMpLaYsWc3: wow u old
(97:50 / All) UrMoMpLaYsWc3: then
(97:50 / All) dogsandhorse.ru: hey why is your name typed like that?
(97:57 / All) UrMoMpLaYsWc3: because its cool
(97:59 / All) UrMoMpLaYsWc3: like ur towers
(98:00 / All) dogsandhorse.ru: super cool
(98:08 / All) UrMoMpLaYsWc3: cool like ur taktic
(98:09 / All) timg4strok: my mom plays warcraft and shes owning you right now!!!
(98:10 / All) dankeyKrang: yes. towers are uber gut
(98:16 / All) timg4strok: yellow is my mom!!! owned by an american mom :)
(98:18 / All) dogsandhorse.ru: do you guys know fiery_wa? shes my mom. up ya bum
(98:29 / All) UrMoMpLaYsWc3: bäm good mom then
(98:35 / All) UrMoMpLaYsWc3: moms should play wc3
(98:36 / All) dankeyKrang: He! he! one weird trick of how a mom can beat you at war3. germans hate her!
(98:37 / All) UrMoMpLaYsWc3: <3
(98:47 / All) UrMoMpLaYsWc3: why u have problems with ger people`?
(98:49 / All) timg4strok: hey can i ask you a serious question
(98:52 / All) UrMoMpLaYsWc3: u vote for trump right
(98:53 / All) dankeyKrang: they are no problem at all
(98:53 / All) timg4strok: for real. all jokes aside
(98:55 / All) dankeyKrang: we defeat them routinely
(99:03 / All) UrMoMpLaYsWc3: and? just a game
(99:04 / All) timg4strok: why are you so bad at this game.
(99:05 / All) UrMoMpLaYsWc3: win and loose
(99:10 / All) dankeyKrang: we defeat germans at war3 with the same efficiency of the german rail transport system
(99:12 / All) UrMoMpLaYsWc3: i have no idea vs towers
(99:13 / All) dogsandhorse.ru: how did you lose this "Match" (as you would say)
(99:17 / All) UrMoMpLaYsWc3: just own pros in normal gameplay
(99:25 / All) UrMoMpLaYsWc3: because towers
(99:26 / All) dankeyKrang: train is on time, game is on time, own is on time
(99:28 / All) UrMoMpLaYsWc3: too op for me
(99:30 / All) UrMoMpLaYsWc3: sry
(99:45 / All) timg4strok: you didn't creep your base!! are you a bad boy!!
(99:56 / All) UrMoMpLaYsWc3: i love animals
(99:58 / All) UrMoMpLaYsWc3: so let them alive
(100:01 / All) dankeyKrang: where is ur teammate? warming up the CRT monitor to watch football like 1997
(100:03 / All) UrMoMpLaYsWc3: plu
(100:03 / All) dogsandhorse.ru: your an animal
(100:10 / All) UrMoMpLaYsWc3: yes horse
(100:12 / All) UrMoMpLaYsWc3: if i look down
(100:14 / All) UrMoMpLaYsWc3: i know
(100:15 / All) UrMoMpLaYsWc3: thanks
(100:17 / All) dankeyKrang: you have horse feet?
(100:18 / All) dankeyKrang: noob
(100:21 / All) timg4strok: i've eaten shnitzel that's tougher than U!!!
(100:21 / All) UrMoMpLaYsWc3: yes
(100:26 / All) dogsandhorse.ru: what'S your shoes situation
(100:27 / All) UrMoMpLaYsWc3: you have camle toe right?
(100:28 / All) dankeyKrang: i've taken a shitzel that's tougher than u!!
(100:37 / All) UrMoMpLaYsWc3: uff
(100:40 / All) UrMoMpLaYsWc3: hard words bro
(100:57 / All) timg4strok: going home after long hard night of owning dumb german noops
(101:03 / All) dogsandhorse.ru: How did you lose
(101:05 / All) UrMoMpLaYsWc3: again nazi ajajaj
(101:06 / All) dogsandhorse.ru: How did you lose
(101:08 / All) dogsandhorse.ru: How did you lose
(101:10 / All) dankeyKrang: nighty night. kiss u a bedtime storey
(101:18 / All) UrMoMpLaYsWc3: waste ur time
(101:19 / All) timg4strok: did u get owned by me and my warcraft mom!!! yeS!
(101:21 / All) UrMoMpLaYsWc3: makes me happy
(101:26 / All) dogsandhorse.ru: keep it up
(101:29 / All) UrMoMpLaYsWc3: <3
(101:36 / All) dogsandhorse.ru: where's red
(101:37 / All) dankeyKrang: How You Lost: An in-depth analysis provided by Dr. Douglas Sandhorst of the Highperch Wig Institute
(101:48 / All) UrMoMpLaYsWc3: why u take time to write this
(101:53 / All) UrMoMpLaYsWc3: not boring?
(102:00 / All) dankeyKrang: you would do well to read it
(102:04 / All) UrMoMpLaYsWc3: i did
(102:05 / All) dankeyKrang: perhaps improve your SHITTY martian gameplay
(102:07 / All) UrMoMpLaYsWc3: because u wrote so much
(102:11 / All) UrMoMpLaYsWc3: have to respect that
(102:14 / All) timg4strok: girls are from venus boys are from marts ;)
(102:15 / All) dankeyKrang: go back to marts german martian trash
(102:34 / All) UrMoMpLaYsWc3: why all countries pay money to germany or wants to live in germany? :D
(102:38 / All) dankeyKrang: remember during the cold war when germany colonised marts??
(102:43 / All) dogsandhorse.ru: germanys cool all trash talk aside
(102:46 / All) dankeyKrang: and u were born there?? IN A MARTIAN COLONY?
(102:50 / All) timg4strok: because we owned u so bad in World Warp Two that u need money to recover.
(102:52 / All) dogsandhorse.ru: i'd rather be owning a russian tbh
(102:53 / All) UrMoMpLaYsWc3: who said im german? oO
(102:57 / All) UrMoMpLaYsWc3: but i have no probs with gers
(103:03 / All) timg4strok: where u from.
(103:05 / All) timg4strok: frants?
(103:05 / All) dogsandhorse.ru: i mean...what are you then
(103:07 / All) dankeyKrang: you type and play like a german martian
(103:10 / All) dogsandhorse.ru: austria?
(103:11 / All) UrMoMpLaYsWc3: na france
(103:11 / All) SpermFeather: marts nigga
(103:12 / All) dankeyKrang: so it only made sense to presume as such
(103:13 / All) UrMoMpLaYsWc3: not
(103:13 / All) SpermFeather: like we said
(103:17 / All) UrMoMpLaYsWc3: european
(103:18 / All) UrMoMpLaYsWc3: but
(103:22 / All) UrMoMpLaYsWc3: you have to go on guessing
(103:23 / All) timg4strok: scared to tell? scared i come on your door and knock HELLO
(103:28 / All) UrMoMpLaYsWc3: yes im scared
(103:30 / All) timg4strok: gerboy scared LOL
(103:31 / All) dogsandhorse.ru: not european....
(103:37 / All) dogsandhorse.ru: br?
(103:41 / All) UrMoMpLaYsWc3: americans normaly always scared by europeans
(103:43 / All) UrMoMpLaYsWc3: or rus
(103:47 / All) dankeyKrang: oh are u one of those brazillian kroatian martians from korea???
(103:50 / All) UrMoMpLaYsWc3: big countrys but wheak guys
(103:59 / All) UrMoMpLaYsWc3: with thin arms
(104:05 / All) dankeyKrang: do u have a thin arm fetish?
(104:08 / All) dankeyKrang: u like twink boys?
(104:12 / All) UrMoMpLaYsWc3: twerk boys
(104:13 / All) dogsandhorse.ru: its the year of the twink
(104:16 / All) dogsandhorse.ru: according to vanity fair
(104:22 / All) dankeyKrang: 1992 : the year of the twink
(105:00 / All) UrMoMpLaYsWc3: well
(105:01 / All) dankeyKrang: this is how u do it btw
(105:02 / All) timg4strok: the bad boys
(105:04 / All) dankeyKrang: do you see how easy it is
(105:06 / All) UrMoMpLaYsWc3: it was a honor
(105:07 / All) dankeyKrang: when you dont suck dog shit
(105:08 / All) UrMoMpLaYsWc3: (not)
(105:23 / All) dankeyKrang: bye noobs
(105:26 / All) dankeyKrang: martian idiots
(105:33 / All) UrMoMpLaYsWc3: im afk
(105:37 / All) UrMoMpLaYsWc3: have fun
(105:38 / All) dogsandhorse.ru: u better had
(105:44 / All) timg4strok: seeya baby ger
(105:47 / All) dankeyKrang: pretty easy game overall
(105:48 / All) dankeyKrang: never in doubt
(105:54 / All) UrMoMpLaYsWc3: idc
(105:56 / All) UrMoMpLaYsWc3: rly
(105:56 / All) dankeyKrang: always this way against marts idiots
(105:57 / All) UrMoMpLaYsWc3: xD
(106:01 / All) dankeyKrang: remember last game when you also lost to us
(106:03 / All) dankeyKrang: 2 in a row
(106:06 / All) UrMoMpLaYsWc3: np
(106:06 / All) dankeyKrang: last time you blamed map
(106:11 / All) dankeyKrang: what do u blame now?
(106:16 / All) UrMoMpLaYsWc3: know tower lame tactic since RoC
(106:17 / All) UrMoMpLaYsWc3: so
(106:17 / All) dankeyKrang: except for your inferior martian cortex
(106:18 / All) timg4strok: blame u'reself........or god
(106:19 / All) UrMoMpLaYsWc3: works always
(106:21 / All) UrMoMpLaYsWc3: but no fun
(106:25 / All) dogsandhorse.ru: fun for us
(106:26 / All) dankeyKrang: no grey matter
(106:28 / All) UrMoMpLaYsWc3: so have fun to play each game like that
(106:33 / All) dogsandhorse.ru: https://highper.ch/
(106:33 / All) dankeyKrang: we do have fun
(106:36 / All) timg4strok: so have fun to lose all gam.e..
(106:36 / All) dankeyKrang: more so when we win like now
(106:39 / All) UrMoMpLaYsWc3: if u have fun then good
(106:41 / All) dankeyKrang: in a game such as this where we have won
(106:52 / All) dankeyKrang: feels really nice to win as we have done here on this day today
(106:53 / All) UrMoMpLaYsWc3: you can be proud to win normaly
(106:54 / All) UrMoMpLaYsWc3: not like that
(106:56 / All) dankeyKrang: the day of our lord, where we win
(106:56 / All) UrMoMpLaYsWc3: but ok
(106:58 / All) UrMoMpLaYsWc3: enjoy
(107:00 / All) dogsandhorse.ru: its easy to kill towers
(107:01 / All) dankeyKrang: thanks. we will
(107:04 / All) dogsandhorse.ru: don't let them hit your uunits